 Dungeon Crawl Stone Soup version 0.28.0 (webtiles) character file.

Game seed: 10035412849585002129

95 dolemite99 the Conjurer (level 4, -6/33 HPs)
             Began as a Draconian Conjurer on Feb 18, 2022.
             Was an Initiate of Ru.
             Mangled by Sigmund (11 damage)
             ... on level 3 of the Dungeon.
             The game lasted 00:04:52 (3142 turns).

dolemite99 the Conjurer (Draconian Conjurer)        Turns: 3142, Time: 00:04:53

Health: -6/33      AC:  5    Str: 10    XL:     4   Next: 40%
Magic:  0/7        EV: 12    Int: 20    God:    Ru [......]
Gold:   99         SH:  0    Dex:  9    Spells: 1/7 levels left

rFire   . . .      SeeInvis .   a - +2 short sword (drain)
rCold   . . .      Faith    .   (no shield)
rNeg    . . .      Spirit   .   (armour unavailable)
rPois   .          Reflect  .   (helmet restricted)
rElec   .          Harm     .   (no cloak)
rCorr   .          Rampage  .   (no gloves)
Will    .....                   (no boots)
Stlth   ++........              (no amulet)
HPRegen 0.11/turn               (no ring)
MPRegen 0.10/turn               (no ring)

@: no status effects
A: AC +5, unfitting armour, cold-blooded
a: Renounce Religion


You were on level 3 of the Dungeon.
You worshipped Ru.
Ru was noncommittal.
You visited 1 branch of the dungeon, and saw 3 of its levels.

You collected 99 gold pieces.

Inventory:

Hand Weapons
 a - a +2 short sword of draining (weapon)
 b - a +0 dagger
 o - a +0 rapier
Missiles
 e - 86 stones
 i - 4 javelins
Scrolls
 f - a scroll of teleportation {unknown}
 g - 4 scrolls of identify {unknown}
 h - a scroll of blinking {unknown}
 l - 2 scrolls of magic mapping {unknown}
Potions
 c - 2 potions of heal wounds {unknown}
 d - a potion of curing
 j - a potion of resistance {unknown}
 k - a potion of flight {unknown}
 m - a potion of brilliance
 n - a potion of mutation {unknown}


   Skills:
 + Level 2.1 Short Blades
 - Level 1.7 Dodging
 - Level 1.7 Stealth
 - Level 2.0 Spellcasting
 + Level 5.3 Conjurations


You had one spell level left.
You knew the following spells:

 Your Spells              Type           Power      Damage    Failure   Level
a - Magic Dart            Conj           92%        1d7       1%          1
b - Searing Ray           Conj           46%        2d6       2%          2
c - Dazzling Flash        Conj/Hex       24%        N/A       16%         3

Your spell library contained the following spells:

 Spells                   Type           Power      Damage    Failure   Level
 Ensorcelled Hibernation  Hex/Ice        4%         N/A       24%         2
 Passwall                 Tmut/Erth      1%         N/A       24%         2
 Swiftness                Air            2%         N/A       43%         3
 Fulminant Prism          Conj/Hex       6%         3d7       45%         4
 Iskenderun's Mystic Bla  Conj/Tloc      12%        2d5       45%         4


Dungeon Overview and Level Annotations

Branches:
Dungeon (3/15)

Altars:
Ru
The Shining One

Annotations:
D:3 Sigmund


Innate Abilities, Weirdness & Mutations

Your plain brown scales are hard. (AC +5)
You cannot fit into any form of body armour.
You are cold-blooded and may be slowed by cold attacks.


Message History

You are confused.
You bump into the rock wall.
The adder completely misses you.
Sigmund hits you from afar with a +2 vorpal scythe.
You bump into the rock wall.
The adder bites you. The adder bites you but does no damage.
Sigmund hits you from afar with a +2 vorpal scythe!
It was a potion of curing.
You feel better. The adder bites you.
You are poisoned.
The adder poisons you!
You feel sick.
You feel sick. The adder bites you.
You are more poisoned.
The adder poisons you!
You feel sick.
Sigmund casts a spell.
Sigmund flickers and vanishes!
Deactivating autopickup; reactivate with Ctrl-A.
There is an open door here.
You feel sick.
You feel sick.
You feel sick. The adder bites you but does no damage.
Casting: Searing Ray (safe; 2% risk of failure)
Confirm with . or Enter, or press ? or * to list all spells.
Aiming: Searing Ray (safe; 2% risk of failure)
Press: ? - help, Shift-Dir - straight line The searing ray hits the adder.
The adder is almost dead.
The searing ray hits something. (Press . to maintain the ray.)
You feel sick. The adder bites you but does no damage.
The searing ray misses the adder.
The searing ray hits something.
You feel sick. The adder bites you.
* * * LOW HITPOINT WARNING * * *
Something hits you.
* * * LOW HITPOINT WARNING * * *
x2 Without enough magic to sustain it, your searing ray dissipates.
You feel sick.
You are no longer poisoned.
The adder bites you but does no damage. Something hits you!
You die...

#............. ..
#######'###........ ##>.
...................
.....############.######.....
#........###.....# ####.....
#........'.#.....# #........
#........#.#.....# #........
#........#S#.....# #........
+........#.@.....# #........
#........###########.......#
#........# #..............#
########## #(.............#
#......†.#######
#.............#
#.............##
##....##.......#
####..........#


You could see an adder.

Vanquished Creatures
  4 adders (D:2)
  A shadow imp (D:3)
  A worm (D:3)
  A dart slug (D:2)
  2 ball pythons (D:1)
  3 endoplasms
  3 giant cockroaches
  8 hobgoblins
  2 jackals (D:1)
  4 quokkas
  4 bats
  2 frilled lizards
  3 goblins
  6 kobolds
  2 rats
46 creatures vanquished.

Notes
Turn   | Place    | Note
-------+----------+-------------------------------------------
     0 | D:1      | dolemite99 the Draconian Conjurer began the quest for the
                  | Orb.
     0 | D:1      | Reached XP level 1. HP: 14/14 MP: 3/3
   434 | D:1      | Reached XP level 2. HP: 16/20 MP: 1/5
  1368 | D:1      | Reached skill level 1 in Short Blades
  1484 | D:2      | Reached XP level 3. HP: 25/26 MP: 2/6
  1866 | D:2      | Found a faded altar of an unknown god.
  1870 | D:2      | Prayed at the altar of an unknown god.
  1870 | D:2      | Became a worshipper of the Shining One
  1870 | D:2      | Reached * piety under the Shining One
  2087 | D:2      | Learned a level 2 spell: Searing Ray
  2091 | D:2      | Learned a level 3 spell: Dazzling Flash
  2139 | D:2      | Reached skill level 5 in Conjurations
  2218 | D:2      | Reached XP level 4. HP: 33/33 MP: 3/7
  2844 | D:3      | Found a sacrificial altar of Ru.
  2939 | D:3      | Fell from the grace of the Shining One
  2939 | D:3      | Became a worshipper of Ru the Awakened
  3123 | D:3      | Noticed Sigmund
  3142 | D:3      | Mangled by Sigmund

Illustrated notes

Levels and vault maps discovered:
D:1:      shiori_arrival_oz, layout_loops_ring, st_stairs_8
D:2:      layout_rooms, hellmonk_ecumenical_altar_leap_of_faith,
          kennysheep_nondescript
D:3:      layout_basic, nicolae_ru_awakened_eye, uniq_sigmund

Skill      XL: |  1  2  3 |
---------------+----------+-----
Short Blades   | 1 2 |  2.1
Conjurations   | 5 |  5.3
Dodging        | |  1.7
Stealth        | |  1.7
Spellcasting   | |  2.0

Action                   |  1- 3 |  4- 6 || total
-------------------------+-------+-------++-------
Melee: Dagger            |    32 |     3 ||    35
       Tailslap          |     7 |       ||     7
       Short sword       |    29 |       ||    29
       Punch             |     1 |       ||     1
 Cast: Magic Dart        |    44 |     7 ||    51
       Searing Ray       |     1 |     9 ||    10
  Use: Scroll            |     2 |       ||     2
       Potion            |       |     1 ||     1
Armor: Skin              |    22 |     8 ||    30
Dodge: Dodged            |    48 |    16 ||    64
